 Dungeon Crawl Stone Soup version 0.25-a0-663-gace7076f2c (webtiles) character file.

Game seed: 2604836781395869509, levelgen mode: deterministic

25 ReteAZ the Skirmisher (level 3, -2/31 HPs)
             Began as a Ghoul Fighter on Mar 24, 2020.
             Slain by Sigmund
             ... wielding a +0 scythe
              (5 damage)
             ... on level 2 of the Dungeon.
             The game lasted 00:00:48 (1051 turns).

ReteAZ the Skirmisher (Ghoul Fighter)               Turns: 1051, Time: 00:00:49

Health: -2/31      AC:  6    Str: 19    XL:     3   Next: 4%
Magic:  2/2        EV:  7    Int:  4    God:
Gold:   140        SH:  0    Dex:  8    Spells: 2/2 levels left

rFire    . . .     SeeInvis .     - Unarmed
rCold    + . .     Gourm    .   b - +0 kite shield
rNeg     + + +     Faith    .   a - +0 scale mail
rPois    ∞         Spirit   .   (no helmet)
rElec    .         Reflect  .   (no cloak)
rCorr    .         Harm     .   (no gloves)
MR       .....                  (no boots)
Stlth    ..........             (no amulet)
HPRegen  0.00/turn              (no ring)
MPRegen  0.08/turn              (no ring)

@: confused, mighty, rotting
A: rotting body, claws 1, carnivore, cold resistance 1, negative energy
resistance 3, inhibited regeneration, torment resistance, unbreathing
a: no special abilities


You were on level 2 of the Dungeon.
You were not hungry.

You visited 1 branch of the dungeon, and saw 2 of its levels.

You collected 140 gold pieces.

Inventory:

Armour
 a - a +0 scale mail (worn)
 b - a +0 kite shield (worn)
Scrolls
 e - 2 scrolls of identify {unknown}
 i - a scroll of magic mapping {unknown}
 j - 2 scrolls of remove curse {unknown}
 m - a scroll of teleportation {unknown}
Potions
 c - a potion of might
 f - a potion of heal wounds {unknown}
 h - 2 potions of magic {unknown}
 k - a potion of degeneration {unknown}
 l - 2 potions of mutation {unknown}
Comestibles
 d - 5 rations
 g - 5 chunks of flesh


   Skills:
 + Level 3.5 Fighting
 + Level 2.9 Armour
 + Level 2.9 Shields
 * Level 2.9 Unarmed Combat


You had 2 spell levels left.
You didn't know any spells.
Your spell library was empty.

Dungeon Overview and Level Annotations

Branches:
Dungeon (2/15)

Altars:

Annotations:
D:2 Jessica, Sigmund


Innate Abilities, Weirdness & Mutations

Your body is rotting away.
You thrive on raw meat.
You are immune to poison.
You have sharp fingernails.
You are carnivorous and can eat meat at any time.
Your flesh is cold resistant. (rC+)
You are immune to negative energy. (rN+++)
You do not regenerate when monsters are visible.
You are immune to unholy pain and torment.
You can survive without breathing.


Message History

You block something's attack.
Some of the chunks of flesh in your inventory have rotted away.
Jessica mumbles some strange words.
Jessica blinks!
You claw something! Something hits you.
* * * LOW HITPOINT WARNING * * *
You claw something!
Jessica casts a spell.
Jessica blinks!
You hear some strange, mumbled words.
You are confused.
You barely miss something. Something hits you.
* * * LOW HITPOINT WARNING * * *
You barely miss something.
Jessica gestures wildly while chanting.
Jessica blinks!
You miss something. Something hits you.
* * * LOW HITPOINT WARNING * * *
You bump into the rock wall.
Something hits you.
You die...

..........)....#
....#..........#.## #
... #..........#..## .#
# #..........#...##.#
#.÷##+######......#
##.##.#### #.≈≈..%# #
#..#....# #..≈≈..# #
#####.#..#.###{≈≈%%.# #
...#.#..#....@@≈≈..# ##
#..#....#####..§≈≈.#
##.#..##...###<#......#
# .....#.......#####..#
# #..#..###.## .# #
#.......# # # #
#...#...#
#####...#>......
........#.#####.


You could see Jessica.

Vanquished Creatures
  A worm (D:2)
  2 giant cockroaches (D:1)
  2 hobgoblins (D:1)
  4 kobolds
  5 bats
  2 frilled lizards (D:1)
  3 goblins (D:2)
  2 rats
21 creatures vanquished.

Vanquished Creatures (others)
  4 toadstools (D:1)
4 creatures vanquished.

Grand Total: 25 creatures vanquished

Notes
Turn   | Place    | Note
-------+----------+-------------------------------------------
     0 | D:1      | ReteAZ the Ghoul Fighter began the quest for the Orb.
     0 | D:1      | Reached XP level 1. HP: 19/19 MP: 0/0
   453 | D:1      | Reached XP level 2. HP: 26/26 MP: 1/1
   990 | D:2      | Reached XP level 3. HP: 26/31 MP: 2/2
  1031 | D:2      | Noticed Jessica
  1032 | D:2      | Noticed Sigmund
  1051 | D:2      | Slain by Sigmund

Levels and vault maps discovered:
D:1:      ldierk_water_garden, layout_basic, st_stairs_7
D:2:      layout_basic, dk_vineyard_3, solitary_fountain,
          uniq_crazy_yiuf_cottage, uniq_sigmund, uniq_jessica

Action                   || total
-------------------------++-------
Melee: Unarmed           ||    82
  Use: Potion            ||     1
  Eat: Chunk             ||     4
Armor: Scale mail        ||    53
Dodge: Dodged            ||    28
Block: Kite shield       ||    58

Table legend:
 A = Non-vault XP
 B = Vault XP
 C = Vault XP percentage of total XP
 D = Non-vault monster count
 E = Vault monster count
 F = Vault count percentage of total count
                 A         B        C        D         E       F
            +---------+---------+-------+---------+---------+-------
      Total |      33 |       3 |   8.3 |      19 |       2 |   9.5
            +---------+---------+-------+---------+---------+-------
        D:1 |      11 |       3 |  21.4 |       7 |       2 |  22.2
        D:2 |      22 |       0 |   0.0 |      12 |       0 |   0.0
            +---------+---------+-------+---------+---------+-------
